Map: Orbital Shipyard

Players

SKY - Winner!

  • Race: Zerg Zerg
  • League: Diamond

LilDicky

  • Race: Terran Terran
  • League: Diamond

VOD

http://www.twitch.tv/tumescentpie

Description

Time

  • Played on: Dec. 26, 2015, 6:47 p.m.
  • Length: 10:26
Show
View Real Time Build Order
Export as new Build Order

SKY Zerg - Winner!

Build Orders: 3 Hatch before Pool, Muta Ling Bane 

Get SALT Encoding   

  12  0:00  Drone  
  13  0:13  Overlord  
  13  0:18  Drone  
  14  0:22  Extractor  
  14  0:23  Drone  
  15  0:31  Drone  
  17  0:35  Drone  
  17  0:45  Drone  
  18  0:57  Drone  
  19  1:05  Hatchery  
  19  1:08  Drone  
  19  1:30  Hatchery  
  18  1:34  Spawning Pool  
  17  1:40  Drone  
  17  1:43  Drone  
  17  1:44  Drone  
  20  1:52  Overlord  
  20  2:06  Drone  
  21  2:14  Drone  
  22  2:18  Drone  
  23  2:32  Overlord  
  23  2:33  Drone  
  23  2:35  Queen  
  23  2:36  Queen  
  27  2:41  Queen  
  27  2:42  Drone x2  
  31  2:48  Drone x2  
  33  2:52  Drone  
  33  2:53  Drone  
  35  3:00  Extractor  
  35  3:01  Drone  
  35  3:02  Drone  
  35  3:04  Drone  
  37  3:09  Drone  
  37  3:11  Queen  
  40  3:22  Overlord, Queen  
  40  3:23  Drone  
  40  3:24  Drone  
  44  3:29  Drone x2  
  46  3:38  Overlord x2  
  46  3:44  Drone x2  
  46  3:45  Drone x2  
  50  3:57  Overlord  
  50  3:59  Drone x3  
  53  4:04  Metabolic Boost, Drone x2  
  53  4:08  Evolution Chamber  
  53  4:09  Extractor  
  53  4:10  Extractor  
  53  4:11  Drone x5, Extractor  
  56  4:24  Spore Crawler  
  56  4:26  Spore Crawler  
  56  4:28  Spore Crawler, Drone x4  
  56  4:29  Drone  
  58  4:34  Drone x2  
  60  4:43  Zerg Melee Weapons Level 1  
  60  4:47  Baneling Nest  
  60  4:48  Overlord x2  
  60  4:49  Drone x3  
  60  4:50  Drone x5  
  67  4:54  Extractor  
  67  4:55  Drone x3  
  67  4:56  Drone  
  70  5:02  Zergling x2  
  70  5:03  Zergling x2  
  72  5:08  Lair  
  72  5:11  Evolution Chamber  
  72  5:12  Drone  
  72  5:13  Drone x2  
  74  5:17  Drone x3, Extractor  
  74  5:18  Drone, Overlord  
  74  5:20  Overlord  
  77  5:45  Zergling x2  
  77  5:46  Zergling x22  
  77  5:49  Zerg Ground Armor Level 1  
  89  6:03  Pneumatized Carapace  
  89  6:05  Overseer x2  
  89  6:06  Centrifical Hooks  
  89  6:08  Overseer  
  89  6:14  Queen x2  
  91  6:20  Spore Crawler  
  80  6:50  Queen  
  80  6:51  Queen  
  74  7:16  Spire  
  74  7:17  Spore Crawler, Queen  
  74  7:19  Spore Crawler x2, Drone  
  74  7:20  Drone x3  
  76  7:23  Zergling x2  
  76  7:24  Zergling x18  
  86  7:48  Zerg Melee Weapons Level 2  
  86  7:49  Hatchery, Zerg Ground Armor Level 2  
  83  8:09  Spore Crawler x2  
  81  8:12  Queen  
  81  8:13  Queen  
  83  8:30  Mutalisk x11  
  83  8:33  Overlord x2  
  82  8:53  Mutalisk  
  82  8:54  Mutalisk x5  
  85  9:06  Mutalisk  
  85  9:07  Mutalisk x6  
  99  9:36  Mutalisk  
  99  9:37  Mutalisk x2  
  105  9:43  Zergling x6  
  105  9:44  Zergling x4  
  104  9:45  Overseer  
  108  10:07  Zergling x2  
  108  10:08  Zergling x2  
Show
View Real Time Build Order
Export as new Build Order

LilDicky Terran 

Build Orders: Command Center First (CC) 

Get SALT Encoding   

  12  0:01  SCV  
  13  0:13  SCV  
  14  0:17  Supply Depot  
  14  0:25  SCV  
  15  0:39  SCV  
  16  0:51  SCV  
  17  1:01  Command Center  
  17  1:03  SCV  
  18  1:18  SCV  
  19  1:19  Barracks  
  19  1:30  SCV  
  20  1:44  SCV  
  20  1:56  SCV  
  21  2:09  Marine  
  21  2:11  Supply Depot, Orbital Command  
  21  2:13  Orbital Command  
  22  2:15  Refinery  
  22  2:16  Refinery  
  22  2:27  Marine  
  23  2:39  Command Center  
  23  2:47  SCV  
  23  2:48  SCV  
  23  2:49  Marine  
  26  2:59  SCV  
  26  3:00  SCV  
  28  3:07  Marine  
  28  3:11  SCV  
  30  3:15  Factory  
  30  3:32  Marine  
  31  3:35  SCV x2  
  31  3:37  Refinery  
  31  3:38  Refinery  
  33  3:47  SCV x2  
  35  3:50  Marine  
  37  3:59  SCV, Starport  
  37  4:00  Factory Tech Lab  
  37  4:01  Orbital Command  
  37  4:04  Starport  
  37  4:07  SCV  
  37  4:09  Starport  
  38  4:13  SCV  
  39  4:17  Marine  
  41  4:25  SCV  
  41  4:26  SCV  
  42  4:31  Widow Mine  
  44  4:39  SCV  
  44  4:41  Starport Tech Lab  
  44  4:44  Cloaking Field  
  45  4:46  Banshee, Starport Tech Lab  
  45  4:48  SCV  
  45  4:50  SCV, Marine  
  51  4:53  SCV  
  51  4:58  Supply Depot  
  52  5:01  Supply Depot, SCV  
  52  5:02  SCV  
  52  5:03  Banshee  
  52  5:05  Banshee  
  60  5:08  Marine  
  61  5:20  SCV  
  64  5:23  Supply Depot  
  64  5:26  Engineering Bay  
  64  5:27  SCV x2, Supply Depot  
  66  5:29  Banshee  
  66  5:30  Factory Reactor  
  66  5:32  SCV  
  68  5:39  SCV x2, Marine  
  71  5:44  SCV  
  71  5:45  Banshee  
  71  5:47  Supply Depot  
  75  5:51  SCV  
  75  5:54  Orbital Command  
  75  5:55  Banshee  
  81  5:57  SCV  
  81  6:01  Missile Turret  
  81  6:02  Explosive Shrapnel Shells  
  81  6:03  SCV, Missile Turret  
  81  6:11  Banshee, Widow Mine x2  
  88  6:19  Command Center  
  76  6:55  Banshee  
  76  6:56  Banshee x2  
  76  6:59  Hellion x2  
  80  7:25  SCV  
  80  7:26  SCV x2  
  80  7:29  Hellion  
  87  7:30  Hellion  
  87  7:38  SCV x3, Banshee  
  87  7:39  Banshee  
  87  7:42  Planetary Fortress  
  96  7:46  Missile Turret  
  96  7:50  SCV  
  97  7:52  Command Center  
  97  8:04  SCV x2  
  95  8:09  Banshee  
  101  8:33  Hellion x2  
  102  8:43  Banshee x2  
  102  8:44  Barracks x2  
  102  8:45  Barracks  
  102  8:47  Barracks  
  98  8:48  Missile Turret  
  98  8:51  Missile Turret x2  
  98  8:52  Banshee  
  98  8:54  Hellion, Widow Mine  
  97  9:06  Planetary Fortress  
  97  9:09  Missile Turret  
  94  9:13  Missile Turret  
  94  9:15  Missile Turret, Widow Mine  
  94  9:16  Missile Turret  
  84  9:18  Missile Turret, Marine  
  84  9:22  Widow Mine  
  79  9:35  Viking x2, Marine  
  79  9:36  Viking  
  83  9:43  Widow Mine  
  83  9:46  Missile Turret  
  83  9:52  Marine x4  
Tags
 
Add a new tag
Caveats
  • Supply blocks, unpowered buildings, or Contaminate may cause inaccurate times.
  • Supply counts are checked every 10 seconds.